 Dungeon Crawl Stone Soup version 0.28.0-49-g6dfe1f597d (webtiles) character file.

Game seed: 11992555082779284839

15171 Peloso the Carver (level 11, -15/102 HPs)
             Began as a Minotaur Fighter on May 18, 2022.
             Was a High Priest of Okawaru.
             Demolished by a cyan very ugly thing (17 damage)
             ... on level 10 of the Dungeon.
             The game lasted 00:19:43 (12068 turns).

Peloso the Carver (Minotaur Fighter)               Turns: 12068, Time: 00:19:43

Health: -15/102    AC: 25    Str: 29    XL:     11   Next: 98%
Magic:  9/11       EV: 16    Int:  5    God:    Okawaru [*****.]
Gold:   691        SH:  9    Dex: 22    Spells: 10/10 levels left

rFire   . . .      SeeInvis .   a - +3 scimitar (flame)
rCold   . . .      Faith    .   c - +0 buckler
rNeg    . . .      Spirit   .   T - +5 chain mail of the Zebra {Dex+4}
rPois   .          Reflect  .   (helmet restricted)
rElec   .          Harm     .   t - +1 cloak
rCorr   .          Rampage  .   I - +2 pair of gloves
Will    .....                   (no boots)
Stlth   +.........              (no amulet)
HPRegen 0.27/turn               r - +6 ring of strength
MPRegen 0.12/turn               s - +6 ring of dexterity

@: heroic
A: horns 2, retaliatory headbutt
a: Renounce Religion, Heroism, Finesse, Duel


You were on level 10 of the Dungeon.
You worshipped Okawaru.
Okawaru was extremely pleased with you.
You visited 2 branches of the dungeon, and saw 11 of its levels.

You collected 691 gold pieces.

Inventory:

Hand Weapons
 a - a +3 scimitar of flaming (weapon)
 b - a +4 falchion
 P - a +1 vorpal hand crossbow
Missiles
 D - 3 throwing nets (quivered)
 Q - 21 bolts
Armour
 c - a +0 buckler (worn)
 h - the +1 chain mail of the Vaults {Rampage Str+2}
   (You found it on level 8 of the Dungeon)

   Str:       It affects your strength (+2).
   Rampage:   It bestows one free step when moving towards enemies.
 t - a +1 cloak (worn)
 I - a +2 pair of gloves (worn)
 T - the +5 chain mail of the Zebra (worn) {Dex+4}
   (You found it on level 9 of the Dungeon)

   Dex:       It affects your dexterity (+4).
Jewellery
 q - a ring of flight
 r - a +6 ring of strength (left hand)
 s - a +6 ring of dexterity (right hand)
 w - a ring of protection from cold
 y - an amulet of magic regeneration
 F - a ring of see invisible
 G - a ring of magical power
 M - a +6 ring of intelligence
 R - a ring of poison resistance
Wands
 v - a wand of paralysis (23)
 B - a wand of flame (22)
 L - a wand of acid (5)
Scrolls
 g - 6 scrolls of teleportation
 j - a scroll of silence {unknown}
 l - a scroll of magic mapping
 n - 4 scrolls of fog {unknown}
 p - 3 scrolls of enchant weapon
 u - 2 scrolls of noise
 C - a scroll of fear {unknown}
 H - 2 scrolls of amnesia {unknown}
 J - a scroll of enchant armour {unknown}
 N - a scroll of brand weapon {unknown}
Potions
 d - a potion of might
 e - a potion of experience
 i - 2 potions of resistance
 k - 2 potions of flight
 m - 2 potions of brilliance
 o - a potion of heal wounds
 x - 3 potions of mutation
 z - 5 potions of curing {unknown}
 A - a potion of cancellation {unknown}
 E - a potion of haste {unknown}
 K - 2 potions of magic {unknown}
 S - a potion of invisibility {unknown}
Miscellaneous
 f - a lightning rod (4/4)
 O - a phantom mirror


   Skills:
 + Level 11.1(16.1) Fighting
 + Level 14.2(19.2) Long Blades
 + Level 11.3(16.3) Armour
 + Level 5.3(10.3) Dodging
 + Level 1.3(6.3) Stealth
 + Level 9.5(14.5) Shields
 + Level 1.5(6.5) Unarmed Combat
 + Level 1.4 Invocations


You had 10 spell levels left.
You didn't know any spells.
Your spell library contained the following spells:

 Spells                   Type           Power      Damage    Failure   Level
 Pain                     Necr           0%         1d4       89%         1
 Sandblast                Erth           0%         2d4       89%         1
 Corpse Rot               Necr/Air       0%         N/A       96%         2
 Passwall                 Tmut/Erth      0%         N/A       96%         2
 Poisonous Vapours        Pois/Air       0%         N/A       96%         2
 Gell's Gravitas          Tloc           0%         N/A       99%         3
 Lesser Beckoning         Tloc           0%         N/A       99%         3
 Stone Arrow              Conj/Erth      0%         3d7       99%         3
 Teleport Other           Tloc           0%         N/A       99%         3
 Vampiric Draining        Necr           0%         2d6       99%         3
 Dispersal                Tloc           0%         N/A       100%        6
 Disjunction              Tloc           0%         N/A       100%        8
 Animate Skeleton         Necr           Unusable   N/A       N/A         1

Dungeon Overview and Level Annotations

Branches:
Dungeon (10/15)            Temple (1/1) D:4            Lair (0/6) D:10
    Orc (0/2) D:10

Altars:
Ashenzari
Cheibriados
Elyvilon
Fedhas
Gozag
Kikubaaqudgha
Makhleb
Nemelex Xobeh
Okawaru
Qazlal
Ru
Sif Muna
Trog
Uskayaw
Vehumet
Wu Jian
Xom
Yredelemnul
Zin
The Shining One

Shops:
D:1 *   D:9 *

Annotations:
D:5 2 transporters
D:8 3 runed translucent doors, CryoSword's ghost, novice DgFE; waddelsworth's ghost, novice GrEE


Innate Abilities, Weirdness & Mutations

You have a pair of horns on your head.
You reflexively headbutt those who attack you in melee.


Message History

a +0 shortbow; 20 arrows; a centaur corpse A cyan very ugly thing comes into view.
The orc warrior hits you with a +0 flail.
There is an open door, spattered with blood here.
You slice the orc warrior!! You burn the orc warrior.
The orc warrior is almost dead.
A four-headed hydra comes into view.
The orc warrior misses you.
You closely miss the orc warrior.
The orc warrior is almost dead.
You closely miss the orc warrior.
The orc warrior is almost dead.
The orc warrior hits you with a +0 flail!
Unknown command.
You slash the orc warrior! You burn the orc warrior.
You kill the orc warrior!
Okawaru accepts your kill.
Unknown command.
Things that are here:
a +0 shortbow; 20 arrows; a centaur corpse
There is a fountain of clear blue water here.
The cyan very ugly thing barely misses you.
You furiously retaliate!
You headbutt the cyan very ugly thing!
There is an open door here.
There is a stone staircase leading down here.
The cyan very ugly thing engulfs you. The cyan very ugly thing shocks you!!
You climb downwards.
There is a stone staircase leading up here.
You gain the combat prowess of a mighty hero.
The cyan very ugly thing engulfs you. The cyan very ugly thing shocks you!!
You slice the cyan very ugly thing!! You burn the cyan very ugly thing.
The cyan very ugly thing is moderately wounded.
The cyan very ugly thing engulfs you!
* * * LOW HITPOINT WARNING * * *
The cyan very ugly thing shocks you!!
* * * LOW HITPOINT WARNING * * *
You hit the cyan very ugly thing but do no damage.
The cyan very ugly thing is moderately wounded.
The cyan very ugly thing engulfs you!
You die...

###.....# #...........
#.....# #..).......
##....# ##.).......
#....# ##.)........
##...# ##..###......
#...# ##..## #.##..
#...## ##...### .# #
#....# ##......## .
####....###...u@...# #
...........(........#
..(...................#
....##..................
.... #.................#
... .....##............#
.. ......##............#
....................##
...............#....


You could see a cyan very ugly thing.

Vanquished Creatures
  2 boulder beetles
  Erica (D:8)
  2 centaur warriors
  A two-headed ogre (D:8)
  A tengu warrior (D:8)
  A cyclops (D:8)
  A gargoyle (D:8)
  Psyche (D:8)
  An unseen horror (D:8)
  2 kobold demonologists (D:9)
  A troll (D:8)
  Prince Ribbit (D:9)
  Sigmund (D:4)
  2 shadows (D:8)
  4 wyverns
  A wraith (D:8)
  Eustachio (D:4)
  7 vampire mosquitoes
  A warg (D:9)
  A steam dragon (D:6)
  4 water moccasins
  2 acid dragons
  4 orc warriors
  2 sky beasts
  3 ice beasts
  A black bear (D:6)
  An ogre (D:6)
  5 necrophages
  6 centaurs
  3 phantoms
  5 bullfrogs
  2 wyvern zombies (D:8)
  4 kobold brigands (D:9)
  A water moccasin zombie (D:6)
  2 scorpions
  20 killer bees
  A water moccasin skeleton (D:4)
  7 wights
  A howler monkey (D:9)
  4 centaur zombies
  3 hounds
  4 jellies (D:6)
  2 bullfrog skeletons
  2 gnoll shamans
  8 orc priests
  2 centaur skeletons
  2 iguanas
  18 orc wizards
  2 killer bee zombies
  A hound zombie (D:5)
  7 gnolls
  11 adders
  2 shadow imps
  4 white imps
  8 worms
  3 dart slugs
  31 orcs
  4 endoplasms
  A giant cockroach (D:4)
  10 goblins
  8 hobgoblins
  3 jackals (D:4)
  4 kobolds
  2 quokkas
  6 ball pythons
  2 bats (D:1)
  5 frilled lizards
  5 rats
271 creatures vanquished.

Vanquished Creatures (others)
  An ufetubus (D:6)
  A bush (D:9)
2 creatures vanquished.

Grand Total: 273 creatures vanquished

Notes
Turn   | Place    | Note
-------+----------+-------------------------------------------
     0 | D:1      | Peloso the Minotaur Fighter began the quest for the Orb.
     0 | D:1      | Reached XP level 1. HP: 19/19 MP: 0/0
   288 | D:1      | Reached XP level 2. HP: 26/27 MP: 1/1
   514 | D:1      | Found Mevol's General Store.
   655 | D:1      | Reached XP level 3. HP: 24/33 MP: 0/2
  1763 | D:2      | Reached skill level 3 in Long Blades
  1808 | D:2      | Reached XP level 4. HP: 34/41 MP: 3/3
  2337 | D:3      | Found a faded altar of an unknown god.
  2538 | D:3      | Reached skill level 1 in Dodging
  3003 | D:3      | Reached XP level 5. HP: 47/47 MP: 4/4
  3058 | D:4      | Reached skill level 5 in Armour
  3076 | D:4      | Reached skill level 4 in Long Blades
  3297 | D:4      | Reached XP level 6. HP: 55/55 MP: 5/5
  3301 | D:4      | Reached skill level 5 in Fighting
  3308 | D:4      | Reached skill level 5 in Long Blades
  3485 | D:4      | Found a staircase to the Ecumenical Temple.
  3589 | D:4      | Noticed Eustachio
  3614 | D:4      | Killed Eustachio
  3760 | D:4      | Reached XP level 7. HP: 61/61 MP: 6/6
  3818 | D:4      | Reached skill level 6 in Long Blades
  3912 | D:4      | Noticed Sigmund
  3928 | D:4      | Killed Sigmund
  4083 | Temple   | Entered the Ecumenical Temple
  4200 | Temple   | Became a worshipper of Warmaster Okawaru
  4266 | D:5      | Entered Level 5 of the Dungeon
  4273 | D:5      | Reached skill level 5 in Shields
  4326 | D:5      | Reached skill level 7 in Long Blades
  4394 | D:5      | Reached XP level 8. HP: 66/70 MP: 7/7
  4520 | D:5      | Found a transporter.
  4538 | D:5      | Found a transporter.
  4592 | D:5      | Reached * piety under Okawaru
  4682 | D:5      | Reached skill level 8 in Long Blades
  5108 | D:5      | Reached skill level 9 in Long Blades
  5130 | D:5      | Reached ** piety under Okawaru
  5245 | D:5      | Found a stormy altar of Qazlal.
  5247 | D:5      | Found a broken altar of Ashenzari.
  5643 | D:6      | Reached XP level 9. HP: 50/78 MP: 8/8
  6360 | D:6      | Reached skill level 10 in Long Blades
  6457 | D:6      | Reached *** piety under Okawaru
  7708 | D:7      | Reached XP level 10. HP: 86/89 MP: 9/9
  8095 | D:7      | Reached skill level 11 in Long Blades
  8103 | D:7      | Reached **** piety under Okawaru
  8284 | D:7      | Found a radiant altar of Vehumet.
  8443 | D:8      | Noticed Psyche
  8459 | D:8      | Killed Psyche
  8579 | D:8      | Noticed Erica
  8584 | D:8      | Noticed a gargoyle
  8586 | D:8      | Killed Erica
  8589 | D:8      | Reached skill level 1 in Stealth
  8594 | D:8      | Reached ***** piety under Okawaru
  8595 | D:8      | Reached skill level 10 in Armour
  8598 | D:8      | Killed a gargoyle
  8599 | D:8      | Reached skill level 1 in Unarmed Combat
  8649 | D:8      | Noticed a two-headed ogre
  8913 | D:8      | Killed a two-headed ogre
  8914 | D:8      | Reached skill level 12 in Long Blades
  9090 | D:8      | Identified the +1 chain mail of the Vaults {Rampage Str+2}
  9103 | D:8      | Noticed a centaur warrior
  9112 | D:8      | Killed a centaur warrior
  9113 | D:8      | Reached XP level 11. HP: 91/99 MP: 10/10
  9120 | D:8      | Noticed a tengu warrior
  9126 | D:8      | Killed a tengu warrior
  9127 | D:8      | Reached skill level 5 in Dodging
  9251 | D:8      | Found an opulent altar of Gozag.
  9251 | D:8      | Found a blossoming altar of Fedhas.
  9272 | D:8      | Reached skill level 1 in Invocations
  9281 | D:8      | Found a shimmering altar of Xom.
  9281 | D:8      | Found a sacrificial altar of Ru.
  9373 | D:8      | Identified the -7 pair of boots of Existentialism {rN++
                  | Dex+4 SInv} (Okawaru gifted it to you on level 8 of the
                  | Dungeon)
  9373 | D:8      | Received a gift from Okawaru
  9374 | D:8      | Reached skill level 10 in Fighting
  9374 | D:8      | Reached skill level 13 in Long Blades
  9575 | D:8      | Found a runed translucent gate.
  9576 | D:8      | Found a runed translucent gate.
  9788 | D:8      | Found a runed translucent gate.
  9789 | D:8      | Noticed waddelsworth's ghost (novice GrEE)
  9789 | D:8      | Noticed CryoSword's ghost (novice DgFE)
  9789 | D:8      | Noticed CryoSword's ghost (novice DgFE)
 10372 | D:9      | Noticed Prince Ribbit
 10385 | D:9      | Killed Prince Ribbit
 10452 | D:9      | Found Otaotyugh's Mass Market.
 10841 | D:9      | Identified the +5 chain mail of the Zebra {Dex+4}
 11323 | D:10     | Entered Level 10 of the Dungeon
 11323 | D:10     | Noticed a boulder beetle
 11334 | D:10     | Killed a boulder beetle
 11406 | D:10     | Found a staircase to the Orcish Mines.
 11798 | D:10     | Found a staircase to the Lair.
 11911 | D:9      | Noticed a centaur warrior
 11915 | D:9      | Noticed a boulder beetle
 11921 | D:9      | Killed a centaur warrior
 11922 | D:9      | Reached skill level 14 in Long Blades
 11947 | D:9      | Killed a boulder beetle
 12049 | D:9      | Noticed a cyan very ugly thing
 12050 | D:9      | Noticed a four-headed hydra
 12067 | D:10     | HP: 2/102 [cyan very ugly thing (25)]
 12068 | D:10     | Demolished by a cyan very ugly thing

Illustrated notes

Levels and vault maps discovered:
D:1:      dpeg_arrival_pits, layout_basic, serial_shops, shop,
          grunt_decor_fettered, minmay_heptomino_d4
D:2:      layout_basic
D:3:      layout_basic, chequers_ecumenical_altar_simple
D:4:      layout_basic, temple_green, nicolae_wormholes, uniq_sigmund,
          uniq_eustachio
D:5:      gammafunk_wand_slinger, layout_loops_ring, minitemple, st_stairs_12
D:6:      layout_layer_cave, minivault_10, grunt_potential
D:7:      layout_rooms, vehumet_crystals, minmay_alternating_orb
D:8:      minmay_the_grid_octo_2x2 [minmay_the_grid_octo_focus,
          minmay_the_grid_octo_clover, minmay_the_grid_octo_shrine,
          minmay_the_grid_octo_prize_single_spiral], layout_loops_ring,
          gammafunk_ghost_cemetery, minmay_checkerbox, uniq_erica, uniq_psyche
D:9:      minmay_klotski, layout_loops_ring, minmay_shop_mass,
          minmay_misc_feat_ornament, uniq_prince_ribbit1
D:10:     layout_cave_pods, lair_entry_dummy, erik_orc_4, serial_shops,
          nicolae_shop_statue_plus, minivault_14
Temple:   mainiacjoe_temple_bowtie_tessellation

Skill      XL: |  1  2  3  4  5  6  7  8  9 10 11 |
---------------+----------------------------------+-----
Fighting       | 4 5 6 8 9 11 | 11.1
Armour         | 4 5 6 7 9 10 11 | 11.3
Long Blades    | 3 4 5 7 9 10 12 14 | 14.2
Dodging        | 1 2 3 4 5 |  5.3
Shields        | 4 5 6 7 8 9 |  9.5
Stealth        | 1 |  1.3
Unarmed Combat | 1 |  1.5
Invocations    | 1 |  1.4

Action                   |  1- 3 |  4- 6 |  7- 9 | 10-12 || total
-------------------------+-------+-------+-------+-------++-------
Melee: Long sword        |    81 |   116 |   258 |    74 ||   529
       Headbutt          |     4 |    19 |    50 |    65 ||   138
       Scimitar          |       |       |       |   277 ||   277
       Unarmed           |       |       |       |     6 ||     6
Invok: Heroism           |       |       |     1 |     9 ||    10
  Use: Scroll            |       |       |     3 |    11 ||    14
       Potion            |       |       |       |     1 ||     1
Armor: Scale mail        |    34 |     2 |       |       ||    36
       Chain mail        |       |    45 |   141 |   159 ||   345
       Skin              |       |       |       |     1 ||     1
Dodge: Dodged            |    35 |    56 |   106 |   159 ||   356
Block: Buckler           |    16 |    28 |    82 |   128 ||   254
